cohdb
Replays
Latest Replays
All Replays
Popular Replays
Top Player Replays
Match Explorer
How It Works
Community
CoH3 Stats
Reddit
Sign in to upload your games and track your stats! →
Sign in with Steam
Match 44816759
Unlisted
Match 44816759
Overview
Messages
Build Orders
End
Construct Section Command Post
Vickers Machine Gun Team
Dingo Light Scout Car
Infantry Section
Infantry Section
Vickers Machine Gun Team
Construct Platoon Command Post
6-pounder Anti-tank Gun Team
Selects Heavy Armor Battlegroup
Selects Heavy Armor Battlegroup
Selects Heavy Armor Battlegroup
Selects Rigorous Vehicle Training
Selects Light Vehicle Withdraw and Refit
Infantry Section
Construct Company Command Post
Foot Guards Section
Selects Forward Repair Assembly
Selects UNKNOWN (2162094)
Churchill IV Heavy Tank
Unlock M3 Grant Medium Tanks
Selects Radio Net
Selects Designate Targets
Designate Targets
Armored Vehicle Training
Designate Targets
Radio Net
Designate Targets
M3 Grant Medium Tank
Infantry Training
Foot Guards Section
Designate Targets
Radio Net
Designate Targets
M3 Grant Medium Tank
Designate Targets
Designate Targets
Radio Net
Churchill IV Heavy Tank
Designate Targets
喜欢框A框T,激发队友潜力
Hawake
LilaS
12_2
PartTime_RebeL
Putiin
YangXYZ
nexnbb
0
0
Comments
sign in to comment!
No comments posted yet!